 Dungeon Crawl Stone Soup version 0.18.1-5-g4a78601 (webtiles) character file.

1740 inmateoo the Insei (level 8, -6/61 HPs)
             Began as a Demonspawn Transmuter on May 13, 2016.
             Was an Initiate of Cheibriados.
             Mangled by an orc warrior
             ... wielding a +0 trident
              (13 damage)
             ... on level 6 of the Dungeon.
             The game lasted 00:11:27 (6469 turns).

inmateoo the Insei (Demonspawn Transmuter)          Turns: 6469, Time: 00:11:28

Health: -6/61      AC:  9    Str: 12 (15) XL:     8   Next: 77%
Magic:  0/14       EV: 13    Int: 20 (22) God:    Cheibriados [......]
Gold:   144        SH:  0    Dex: 12 (14) Spells: 5 memorised, 0 levels left

rFire  . . .     SeeInvis .       - Unarmed
rCold  + . .     Gourm    .     B - +1 leather armour "Bocioram" {rC+ Str+2}
rNeg   . . .     Faith    .     (no shield)
rPois  .         Spirit   +     (no helmet)
rElec  .         Dismiss  .     b - +1 cloak
rCorr  .         Reflect  .     (no gloves)
SustAt .         Harm     .     (no boots)
MR     .....                    (no amulet)
Stlth  +.........               p - +3 ring of protection
                                i - +5 ring of intelligence

@: appendage, very slightly contaminated, very slow, not resistant to hostile
enchantments, very unstealthy
A: claws 1, horns 2, talons 1, spiny 1, magic shield
a: End Transformation, Bend Time, Renounce Religion


You were on level 6 of the Dungeon.
You worshipped Cheibriados.
Cheibriados was noncommittal.
You were very hungry.
You had grown temporary horns.
You visited 2 branches of the dungeon, and saw 7 of its levels.

You collected 144 gold pieces.

Inventory:

Missiles
 a - 63 arrows
Armour
 b - a +1 cloak (worn)
 B - the +1 leather armour "Bocioram" (worn) {rC+ Str+2}
   (You found it on level 6 of the Dungeon)

   It affects your strength (+2).
   It protects you from cold.
Jewellery
 i - a +5 ring of intelligence (left claw)
 p - a +3 ring of protection (right claw)
Wands
 n - a wand of confusion (29/48)
 w - a wand of teleportation (7/9)
Scrolls
 j - a scroll of amnesia
 l - a scroll of recharging
 v - 3 scrolls of remove curse
 x - 2 scrolls of teleportation
 y - a scroll of enchant weapon
 A - 2 scrolls of identify
Potions
 e - a potion of flight {unknown}
 k - a potion of magic {unknown}
 m - a potion of degeneration
 q - a potion of brilliance {unknown}
 s - a potion of might {unknown}
 t - a potion of lignification {unknown}
 z - a potion of resistance {unknown}
Books
 c - a book of Changes

   Spells                             Type                      Level
   a - Beastly Appendage              Transmutation                1
   b - Sticks to Snakes               Transmutation                2
   c - Spider Form                    Transmutation/Poison         3
   d - Ice Form                       Ice/Transmutation            4
   e - Blade Hands                    Transmutation                5
Comestibles
 d - 4 bread rations
 h - a meat ration
 o - 2 royal jellies


   Skills:
 + Level 4.5 Fighting
 + Level 4.6 Dodging
 + Level 6.4 Unarmed Combat
 + Level 4.4 Spellcasting
 + Level 4.5 Transmutations


You couldn't memorise any spells.
You knew the following spells:

 Your Spells              Type           Power        Failure   Level  Hunger
a - Beastly Appendage     Trmt           ###...       2%          1    None
b - Sticks to Snakes      Trmt           ###.....     4%          2    #......
c - Spider Form           Trmt/Pois      ##........   21%         3    ###....
d - Ice Form              Ice/Trmt       ##......     73%         4    ####...
e - Blade Hands           Trmt           ###.......   73%         5    ######.


Dungeon Overview and Level Annotations

Branches:
Dungeon (6/15)             Temple (1/1) D:6

Altars:
Ashenzari
Cheibriados
Elyvilon
Fedhas
Gozag
Makhleb
Nemelex Xobeh
Okawaru
Pakellas
Ru
Sif Muna
Trog
Vehumet
Yredelemnul
Zin
The Shining One

Shops:
D:6 *

Annotations:
D:2 1 exclusion


Innate Abilities, Weirdness & Mutations

You have sharp fingernails.
You have sharp toenails.
You are partially covered in sharp spines.
When hurt, damage is shared between your health and your magic reserves.
You have a pair of horns on your head.


Message History

Your kick misses the orc warrior.
The orc warrior is heavily wounded.
Your adder misses the orc warrior.
Your adder barely misses the orc warrior.
Unknown command.
You closely miss the orc warrior. Your kick misses the orc warrior.
You headbutt the orc warrior, but do no damage.
The orc warrior is heavily wounded.
Your adder bites the orc warrior but does no damage.
The orc warrior hits you with a trident.
* * * LOW HITPOINT WARNING * * *
Your adder closely misses the orc warrior.
Your adder barely misses the orc warrior.
Drink which item? (? for menu, Esc to quit)
It was a potion of degeneration.
There was something very wrong with that liquid.
You feel weakened.
You feel dopey.
You feel clumsy.
Your adder closely misses the orc warrior.
The orc warrior hits you with a trident!
You die...

#.########
##########.##......
#.............####.
#.#######.#.######.
#........###)......
#..######.#.####### #..#
##.### #oS# #...# #S@#
###.# ##..#########.##
#...##.........#
######..###.######..#####
#.......# #.# ###.......
#.####.## #.# #.......##
#.# #.# #.# #.......# #.#
#.# #.# #.....<)## #.#
#.# #.# #>......o.


You could see an orc warrior and 2 friendly adders.

Vanquished Creatures
  An orc warrior (D:6)
  A sky beast (D:5)
  A black bear (D:4)
  An ogre (D:4)
  A phantom (D:4)
  A centaur (D:5)
  2 giant frogs (D:6)
  A scorpion (D:4)
  A howler monkey (D:4)
  A crimson imp (D:6)
  5 orc priests
  A hound (D:5)
  3 jellies
  2 giant frog skeletons (D:6)
  2 iguanas
  3 orc wizards
  6 worker ants
  3 adders
  An ooze (D:3)
  An adder skeleton (D:6)
  4 giant geckos
  29 orcs
  2 ball pythons
  3 giant cockroaches
  11 hobgoblins
  3 jackals (D:3)
  3 quokkas
  A ball python skeleton (D:4)
  10 bats
  8 giant newts
  9 goblins
  4 kobolds
  A quokka skeleton (D:4)
  13 rats
139 creatures vanquished.

Vanquished Creatures (collateral kills)
  Sigmund (D:5)
  2 centaurs
  An adder (D:3)
  A worm (D:2)
  2 orcs
7 creatures vanquished.

Grand Total: 146 creatures vanquished

Notes
Turn   | Place    | Note
--------------------------------------------------------------
     0 | D:1      | inmateoo the Demonspawn Transmuter began the quest for the Orb.
     0 | D:1      | Reached XP level 1. HP: 15/15 MP: 3/3
   193 | D:1      | Reached skill level 3 in Unarmed Combat
   219 | D:1      | Gained mutation: You have sharp toenails. [demonic ancestry]
   219 | D:1      | Reached XP level 2. HP: 10/21 MP: 5/5
   965 | D:2      | Gained mutation: You have sharp fingernails. [demonic ancestry]
   965 | D:2      | Reached XP level 3. HP: 12/26 MP: 4/6
  1447 | D:2      | Found a deep blue altar of Sif Muna.
  1490 | D:2      | Reached skill level 4 in Unarmed Combat
  1566 | D:3      | Learned a level 2 spell: Sticks to Snakes
  2385 | D:3      | Reached XP level 4. HP: 32/32 MP: 5/7
  2448 | D:3      | Learned a level 3 spell: Spider Form
  2646 | D:3      | Found an oddly glowing altar of Pakellas.
  2991 | D:3      | Gained mutation: When hurt, damage is shared between your health and your magic reserves. [demonic ancestry]
  2991 | D:3      | Reached XP level 5. HP: 36/37 MP: 6/8
  3010 | D:3      | Found a white marble altar of Elyvilon.
  3290 | D:4      | Noticed a centaur
  3306 | D:4      | Killed a centaur
  3306 | D:4      | Reached skill level 5 in Unarmed Combat
  3671 | D:4      | Reached XP level 6. HP: 24/44 MP: 0/9
  3792 | D:4      | Noticed a sky beast
  4226 | D:4      | Gained mutation: You are partially covered in sharp spines. [demonic ancestry]
  4226 | D:4      | Reached XP level 7. HP: 31/51 MP: 6/11
  4724 | D:5      | Entered Level 5 of the Dungeon
  4837 | D:5      | Noticed Sigmund
  4856 | D:5      | Killed Sigmund
  4856 | D:5      | Reached XP level 8. HP: 48/60 MP: 8/13
  5131 | D:5      | Reached skill level 6 in Unarmed Combat
  5312 | D:6      | Found Oderph's Assorted Antiques.
  5606 | D:6      | Learned a level 4 spell: Ice Form
  5612 | D:6      | Learned a level 5 spell: Blade Hands
  5686 | D:6      | Found a staircase to the Ecumenical Temple.
  5740 | Temple   | Entered the Ecumenical Temple
  5785 | Temple   | Became a worshipper of Cheibriados the Contemplative
  5982 | D:6      | Got a dazzling leather armour
  5993 | D:6      | Identified the +1 leather armour "Bocioram" {rC+ Str+2} (You found it on level 6 of the Dungeon)
  6180 | D:6      | HP: 2/61 [orc warrior/trident (14)]
  6469 | D:6      | Mangled by an orc warrior

Skill      XL: |  1  2  3  4  5  6  7  8 |
---------------+-------------------------+-----
Unarmed Combat | 3 4 5 6 |  6.4
Dodging        | 2 3 4 |  4.6
Transmutations | 2 3 4 |  4.5
Fighting       | 2 3 4 |  4.5
Spellcasting   | 3 4 |  4.4

Action                   |  1- 3 |  4- 6 |  7- 9 || total
-------------------------+-------+-------+-------++-------
Melee: Unarmed           |   181 |   171 |   143 ||   495
       Headbutt          |    12 |    19 |    14 ||    45
       Kick              |    23 |    38 |    36 ||    97
       Punch             |     3 |     4 |     5 ||    12
 Cast: Beastly Appendage |    11 |    14 |    13 ||    38
       Sticks to Snakes  |     5 |     6 |     8 ||    19
  Use: Scroll            |     6 |     3 |     5 ||    14
       Potion            |     1 |     3 |     2 ||     6
 Stab: Sleeping          |       |       |     1 ||     1
  Eat: Chunk             |     4 |     5 |     8 ||    17
       Beef jerky        |     1 |       |       ||     1
Armor: Robe              |     4 |       |       ||     4
       Leather armour    |    67 |    64 |    30 ||   161
Dodge: Dodged            |   119 |    93 |    76 ||   288
